 Dungeon Crawl Stone Soup version 0.26-a0-652-gafc20e3620 (webtiles) character file.

Game seed: 9578984783741390512

751 jasper the Slasher (level 7, 0/41 HPs)
             Began as a Vampire Gladiator on Oct 1, 2020.
             Slain by a scorpion (7 damage)
             ... on level 5 of the Dungeon.
             The game lasted 00:06:08 (4347 turns).

jasper the Slasher (Vampire Gladiator)              Turns: 4347, Time: 00:06:08

Health: 0/41       AC: 11    Str: 15    XL:     7   Next: 49%
Magic:  7/7        EV: 13    Int: 10    God:
Gold:   298        SH:  0    Dex: 16    Spells: 6/6 levels left

rFire    . . .     SeeInvis +   a - +0 long sword
rCold    + + .     Faith    .   (no shield)
rNeg     + + +     Spirit   .   s - +0 ring mail
rPois    ∞         Reflect  .   c - +0 helmet
rElec    .         Harm     .   (no cloak)
rCorr    .         Rampage  .   (no gloves)
MR       .....                  A - +0 pair of boots (curse)
Stlth    ++++......             (no amulet)
HPRegen  0.00/turn              p - +4 ring of slaying
MPRegen  0.10/turn              x - +4 ring of protection

@: bloodless, slowed, very slow
A: fangs 3, see invisible, unbreathing
a: Bat Form, Revivify


You were on level 5 of the Dungeon.
You visited 1 branch of the dungeon, and saw 5 of its levels.
You also visited: Ossuary.

You collected 298 gold pieces.

Inventory:

Hand Weapons
 a - a +0 long sword (weapon)
 t - a +0 dagger of draining
Missiles
 d - 5 throwing nets
 g - 108 stones (quivered)
Armour
 b - a +0 leather armour
 c - a +0 helmet (worn)
 s - a +0 ring mail (worn)
 v - a +0 kite shield
 A - a cursed +0 pair of boots (worn)
Jewellery
 m - an uncursed ring of attention
 p - a +4 ring of slaying (left hand)
 x - a +4 ring of protection (right hand)
Scrolls
 e - a scroll of magic mapping {unknown}
 i - 2 scrolls of remove curse
 j - a scroll of fear {unknown}
 k - 2 scrolls of amnesia
 l - a scroll of enchant armour {unknown}
 n - 3 scrolls of teleportation {unknown}
 o - 2 scrolls of identify {unknown}
 q - a scroll of immolation {unknown}
 r - a scroll of blinking {unknown}
 y - a scroll of random uselessness {unknown}
Potions
 f - a potion of heal wounds {unknown}
 h - a potion of ambrosia
 u - 2 potions of mutation {unknown}
 w - a potion of stabbing {unknown}
 z - a potion of might {unknown}


   Skills:
 + Level 3.4 Fighting
 * Level 5.7 Long Blades
 - Level 1.5 Throwing
 + Level 2.5 Armour
 + Level 4.9 Dodging
 + Level 5.1 Stealth


You had 6 spell levels left.
You didn't know any spells.
Your spell library was empty.

Dungeon Overview and Level Annotations

Branches:
Dungeon (5/15)            Ossuary (visited)
 Temple: D:4-7

Altars:
Ashenzari
Dithmenos
Fedhas
Okawaru
Qazlal
Sif Muna
Trog
Uskayaw
Vehumet

Shops:
D:4 =


Innate Abilities, Weirdness & Mutations

You do not regenerate when monsters are visible.
You are frail without blood (-20% HP).
You can heal yourself when you bite living creatures.
You are immune to poison.
You have razor-sharp teeth.
You have supernaturally acute eyesight. (SInv)
You can survive without breathing.


Message History

You hit the orc priest.
The orc priest is heavily wounded.
The orc wizard casts a spell.
The orc wizard blinks!
The orc priest calls down the wrath of Beogh upon you.
Beogh smites you!
The scorpion stings you but does no damage.
The orc priest hits you but does no damage.
You closely miss the orc priest.
The orc priest is heavily wounded.
The scorpion stings you.
* * * LOW HITPOINT WARNING * * *
The orc priest hits you but does no damage.
The scorpion stings you.
* * * LOW HITPOINT WARNING * * *
You slash the orc priest!
You kill the orc priest!
The scorpion stings you but does no damage.
The scorpion stings you!
You die...

##### #.......# ....#
#.......# ....# #.......#
....# #.......###### #####
#.......##...#
#.......##...#
#.......##...#
#########.......##...#####
........+......)@sl.......
##<######.<....†##o...###
.................+....+
........##########o...#
........# #.o..#####
........# #........#
######### #........#
####.....# #.....#####


You could see a scorpion, an iguana and an orc wizard.

Vanquished Creatures
  An ice beast (D:5)
  A gnoll sergeant (D:5)
  A scorpion (D:5)
  2 howler monkeys
  2 orc priests
  2 worker ants (D:5)
  2 mummies
  A worker ant zombie (D:5)
  14 adders
  5 gnolls (D:5)
  A shadow imp (D:5)
  A white imp (D:5)
  An ufetubus (D:5)
  3 oozes
  3 worms
  A dart slug (D:2)
  2 leopard geckos
  11 orcs
  6 bats
  9 giant cockroaches
  2 gnoll zombies (Ossuary)
  11 goblins
  9 hobgoblins
  6 jackals
  A quokka (D:3)
  A ball python (D:3)
  8 frilled lizards
  5 kobolds
  2 kobold zombies (Ossuary)
  2 orc zombies (Ossuary)
  7 rats
123 creatures vanquished.

Notes
Turn   | Place    | Note
-------+----------+-------------------------------------------
     0 | D:1      | jasper the Vampire Gladiator began the quest for the Orb.
     0 | D:1      | Reached XP level 1. HP: 16/16 MP: 1/1
   182 | D:1      | Reached XP level 2. HP: 22/22 MP: 2/2
   193 | D:1      | Reached skill level 1 in Stealth
   522 | D:1      | Reached XP level 3. HP: 21/21 MP: 3/3
  1243 | D:2      | Found an iron altar of Okawaru.
  1249 | D:2      | Reached skill level 1 in Armour
  1249 | D:2      | Reached XP level 4. HP: 22/26 MP: 4/4
  1653 | D:2      | Found a broken altar of Ashenzari.
  1653 | D:2      | Found a blossoming altar of Fedhas.
  1658 | D:2      | Found a stormy altar of Qazlal.
  1661 | D:2      | Found a shadowy altar of Dithmenos.
  1662 | D:2      | Found a bloodstained altar of Trog.
  2283 | D:3      | Found a shimmering blue altar of Sif Muna.
  2384 | D:3      | Reached XP level 5. HP: 30/31 MP: 5/5
  2782 | D:4      | Found a radiant altar of Vehumet.
  2833 | D:4      | Reached XP level 6. HP: 36/36 MP: 6/6
  2855 | D:4      | Found Uxkuwnakk's Jewellery Emporium.
  2948 | D:4      | Found a hide-covered altar of Uskayaw.
  2949 | D:4      | Noticed a -1 dagger
  2949 | D:4      | Noticed a +0 dagger
  3358 | D:4      | Found a sand-covered staircase.
  3409 | Ossuary  | Entered an ossuary
  3442 | Ossuary  | HP: 1/36 [mummy (8)]
  3754 | D:5      | Entered Level 5 of the Dungeon
  3755 | D:5      | Noticed an ice beast
  3770 | D:5      | Killed an ice beast
  3770 | D:5      | Reached skill level 5 in Long Blades
  3971 | D:5      | Reached XP level 7. HP: 40/41 MP: 7/7
  4285 | D:5      | Reached skill level 5 in Stealth
  4347 | D:5      | Slain by a scorpion

Illustrated notes

Levels and vault maps discovered:
D:1:      lemuel_arrival_tunnels, layout_loops_cross
D:2:      layout_loops_corners, chequers_temple_overflow_minitemple,
          okawaru_trees_2
D:3:      layout_basic, nicolae_overflow_crystal_walls, corexii_corridor_pit,
          minivault_11, mrwooster_statue_mirror, st_stairs_9,
          minmay_crystal_water, grunt_ministairs_8, lightli_corner_chamber
D:4:      layout_loops_ring, vehumet_crystals, dancing_weapons_uskayaw,
          serial_shops, kennysheep_little_box, enter_ossuary_1
D:5:      layout_basic

Skill      XL: |  1  2  3  4  5  6  7 |
---------------+----------------------+-----
Stealth        | 1 2 3 4 5 |  5.1
Fighting       | 2 3 |  3.4
Armour         | 1 2 |  2.5
Long Blades    | 4 5 |  5.7
Dodging        | 4 |  4.9
Throwing       | |  1.5

Action                   |  1- 3 |  4- 6 |  7- 9 || total
-------------------------+-------+-------+-------++-------
Melee: Long sword        |    74 |   162 |    46 ||   282
       Bite              |     9 |    27 |     4 ||    40
Throw: Stone             |       |    33 |       ||    33
       Boomerang         |       |    10 |       ||    10
       Throwing net      |       |     2 |       ||     2
 Abil: Exsanguinate      |     1 |       |       ||     1
  Use: Scroll            |       |     2 |       ||     2
       Potion            |       |       |     1 ||     1
 Stab: Sleeping          |    11 |    12 |     1 ||    24
       Distracted        |       |       |     1 ||     1
Armor: Leather armour    |    20 |    14 |       ||    34
       Ring mail         |       |    40 |    30 ||    70
Dodge: Dodged            |    46 |   105 |    43 ||   194
       Rpst.: Long sword |    21 |    29 |    11 ||    61

Table legend: (Time is in decaauts)
 A = Elapsed time spent in this place.
 B = Non-inter-level travel time spent in this place.
 C = Inter-level travel time spent in this place.
 D = Time resting spent in this place.
 E = Time spent auto-exploring this place.
 F = Levels seen in this place.
 G = Mean time per level.
                   A        B        C        D        E       F      G
               +--------+--------+--------+--------+--------+-----+--------+
         Total |   4408 |   4270 |    138 |    629 |   2791 |   6 |  734.7 |
       Dungeon |   4368 |   4230 |    138 |    629 |   2790 |   5 |  873.6 |
       Ossuary |     40 |     40 |      0 |      0 |      1 |   1 |   40.0 |
               +--------+--------+--------+--------+--------+-----+--------+

Top non-repeatable levels by time:
     D:2: 1304 daAuts
     D:4: 937 daAuts
     D:1: 841 daAuts
     D:3: 674 daAuts
     D:5: 610 daAuts
 Ossuary: 40 daAuts
